 Dungeon Crawl Stone Soup version 0.20.1-1-g8b1a95d66d (webtiles) character file.

683 NullDivider the Sneak (level 7, -5/46 HPs)
             Began as an Octopode Artificer on Dec 7, 2017.
             Killed by nerve-wracking pain
             ... invoked by an orc priest
              (10 damage)
             ... on level 4 of the Dungeon.
             The game lasted 00:12:49 (3780 turns).

NullDivider the Sneak (Octopode Artificer)          Turns: 3780, Time: 00:12:49

Health: -5/46      AC:  3    Str: 12    XL:     7   Next: 61%
Magic:  10/10      EV: 15    Int: 13    God:
Gold:   215        SH:  0    Dex: 14    Spells: 6/6 levels left

rFire    . . .     SeeInvis .   q - +0 dagger (chaos)
rCold    . . .     Gourm    .   (no shield)
rNeg     . . .     Faith    .   l - +2 hat
rPois    .         Spirit   .   (no amulet)
rElec    .         Reflect  .   (no ring)
rCorr    .         Harm     .   (no ring)
MR       .....                  (no ring)
Stlth    ++++......             (no ring)
Regen    0.2/turn               (no ring)
MPRegen  0.2/turn               (no ring)
                                (no ring)
                                (no ring)

@: no status effects
A: almost no armour, stealthy swim, amphibious, 8 rings, constrict 8, camouflage
1, gelatinous body 1
a: no special abilities


You were on level 4 of the Dungeon.
You were not hungry.

You visited 1 branch of the dungeon, and saw 4 of its levels.

You collected 215 gold pieces.

Inventory:

Hand Weapons
 q - a +0 dagger of chaos (weapon)
Armour
 l - a +2 hat (worn)
Jewellery
 a - a +3 amulet of reflection {unknown}
Wands
 b - a wand of flame (12/48)
 c - a wand of enslavement (14/24)
 d - a wand of random effects (15/48)
 s - a wand of acid (6/15)
Scrolls
 g - a scroll of blinking {unknown}
 h - 3 scrolls of identify {unknown}
 i - 2 scrolls of teleportation {unknown}
 j - a scroll of enchant weapon {unknown}
 n - 2 scrolls of remove curse {unknown}
 r - a scroll of fear {unknown}
Potions
 e - 3 potions of degeneration {unknown}
 o - a potion of invisibility {unknown}
 p - a potion of magic {unknown}
 t - a potion of brilliance {unknown}
 u - 2 potions of agility {unknown}
Comestibles
 f - 3 bread rations
 k - a chunk of flesh
 m - a royal jelly


   Skills:
 + Level 3.3 Fighting
 + Level 3.1 Short Blades
 + Level 3.8 Dodging
 * Level 6.7 Stealth
 + Level 4.8 Evocations


You had 6 spell levels left.
You didn't know any spells.

Dungeon Overview and Level Annotations

Branches:
Dungeon (4/15)
 Temple: D:4-7

Altars:
Xom


Innate Abilities, Weirdness & Mutations

You cannot wear most types of armour.
You are very stealthy in the water. (Stealth+)
You are amphibious.
You can wear up to eight rings at the same time.
You can use your tentacles to constrict eight enemies at once.
Your skin changes colour to match your surroundings (Stealth+).
Your rubbery body absorbs attacks. (AC +1, EV +1)


Message History

You hear the quick rusting of a distant drain.
The orc completely misses you.
You barely miss the orc. You grab the orc. You squeeze the orc.
The orc is moderately wounded.
You constrict the orc, but do no damage.
Your orc priest hits the orc with a dagger.
You hit the orc but do no damage.
The orc is severely wounded.
You constrict the orc.
You kill the orc!
You start resting.
The orc priest is no longer charmed.
The orc priest mumbles some strange prayers to Beogh against you.
Beogh smites you!
* * * LOW HITPOINT WARNING * * *
You hit the orc priest. You freeze the orc priest. You grab the orc priest.
The orc priest is moderately wounded.
You constrict the orc priest.
The orc priest calls down the wrath of Beogh upon you.
Pain shoots through your body!
You die...

# #.###.# ..... #.#
.##.#.#.# ##########
.#..#.#.####........#
.#....#...........<.#
....###..###........#
.........####.##...##
....####....#.##...#
<...# ####.#.##@..#
.#..# #...##o).#
.#..# ...........#
....# ..♣...♣...♣.#
##..# .............#
.).. ..♣(..♣...♣...#
#..##.......o.......#
..♣ ..♣.?.♣...♣.# ..
........#


You could see an orc priest.

Vanquished Creatures
  Grinder (D:4)
  A black bear (D:3)
  4 crimson imps (D:3)
  2 orc priests (D:3)
  Ijyb (D:3)
  Natasha (D:2)
  A worker ant (D:4)
  2 adders (D:2)
  An ooze (D:3)
  An adder skeleton (D:4)
  3 worms
  3 dart slugs
  8 orcs
  4 bats
  8 giant cockroaches
  2 goblins
  12 hobgoblins
  18 jackals
  5 kobolds
  3 ball pythons
  4 frilled lizards
  11 rats
96 creatures vanquished.

Notes
Turn   | Place    | Note
-------+----------+-------------------------------------------
     0 | D:1      | NullDivider the Octopode Artificer began the quest for the Orb.
     0 | D:1      | Reached XP level 1. HP: 13/13 MP: 3/3
   236 | D:1      | Reached XP level 2. HP: 13/18 MP: 4/4
   574 | D:1      | Reached skill level 2 in Stealth
   931 | D:1      | Reached XP level 3. HP: 23/23 MP: 5/5
  1196 | D:2      | Reached skill level 3 in Stealth
  1756 | D:2      | Reached XP level 4. HP: 25/28 MP: 6/6
  1883 | D:2      | Noticed Natasha
  1916 | D:2      | Killed Natasha
  2186 | D:3      | Reached XP level 5. HP: 34/34 MP: 8/8
  2258 | D:3      | Found a shimmering altar of Xom.
  2269 | D:3      | Reached skill level 4 in Stealth
  2549 | D:3      | Reached XP level 6. HP: 41/41 MP: 9/9
  2598 | D:3      | Noticed Ijyb
  2620 | D:3      | Killed Ijyb
  2620 | D:3      | Reached skill level 5 in Stealth
  2943 | D:3      | Noticed a black bear
  2956 | D:3      | Killed a black bear
  3011 | D:3      | Found a faded altar of an unknown god.
  3354 | D:3      | Reached XP level 7. HP: 22/45 MP: 10/10
  3514 | D:3      | Reached skill level 6 in Stealth
  3727 | D:4      | Noticed Grinder
  3751 | D:4      | Killed Grinder
  3780 | D:4      | Killed from afar by an orc priest

Skill      XL: |  1  2  3  4  5  6  7 |
---------------+----------------------+-----
Stealth        | 2 3 4 5 6 |  6.7
Short Blades   | 2 3 |  3.1
Evocations     | 4 |  4.8
Fighting       | 2 3 |  3.3
Dodging        | 3 |  3.8

Action                   |  1- 3 |  4- 6 |  7- 9 || total
-------------------------+-------+-------+-------++-------
Melee: Short sword       |    86 |    42 |       ||   128
       Constrict         |    17 |    30 |     8 ||    55
       Tentacles         |    16 |    38 |     8 ||    62
       Dagger            |       |    78 |    22 ||   100
Evoke: Wand              |       |     3 |     1 ||     4
 Stab: Sleeping          |    10 |     6 |     1 ||    17
       Paralysed         |       |     1 |       ||     1
  Eat: Chunk             |     3 |     5 |     1 ||     9
Armor: Skin              |     9 |    11 |       ||    20
Dodge: Dodged            |    50 |    49 |    12 ||   111
